 Dungeon Crawl Stone Soup version 0.27-a0-1200-g94dc6ad4cf (webtiles) character file.

Game seed: 17524820767642568593

118 robertstho the Magician (level 5, -1/36 HPs)
             Began as a Djinni Fire Elementalist on June 1, 2021.
             Killed by miscasting Sticky Flame (4 damage)
             ... on level 3 of the Dungeon.
             The game lasted 00:02:55 (3213 turns).

robertstho the Magician (Djinni Fire Elementalist)  Turns: 3213, Time: 00:02:55

Health: -1/36      AC:  5    Str:  7    XL:     5   Next: 23%
Gold:   48         EV: 12    Int: 17    God:
                   SH:  0    Dex: 14

rFire    + + .     SeeInvis .   c - +0 dagger
rCold    x . .     Faith    .   (no shield)
rNeg     . . .     Spirit   .   a - +1 robe
rPois    ∞         Reflect  .   (no helmet)
rElec    .         Harm     .   (no cloak)
rCorr    .         Rampage  .   (no gloves)
Will     .....                  (boots unavailable)
Stlth    ++........             (no amulet)
HPRegen  0.00/turn              (no ring)
MPRegen  0.00/turn              (no ring)

@: attractive, flying, very slightly contaminated
A: sickness immunity, fire resistance 2, cold vulnerability 1, float, innate
caster, hp casting, extra vitality 1, iridescent scales 1, inhibited
regeneration
a: no special abilities


You were on level 3 of the Dungeon.
You visited 1 branch of the dungeon, and saw 3 of its levels.

You collected 48 gold pieces.

Inventory:

Hand Weapons
 c - a +0 dagger (weapon)
Armour
 a - a +1 robe (worn)
Scrolls
 b - a scroll of amnesia
 h - a scroll of magic mapping


   Skills:
 + Level 0.9 Fighting
 + Level 2.6 Dodging
 + Level 2.1 Stealth
 + Level 3.9 Spellcasting


You couldn't memorise any spells.
You knew the following spells:

 Your Spells              Type           Power      Damage    Failure   Level
a - Foxfire               Conj/Fire      64%        2x1d7     3%          1
b - Conjure Flame         Conj/Fire      16%        6-21      10%         3
c - Inner Flame           Hex/Fire       16%        N/A       10%         3
d - Sticky Flame          Conj/Fire      16%        2d4       32%         4
e - Fireball              Conj/Fire      8%         3d6       65%         5
f - Beastly Appendage     Tmut           32%        N/A       3%          1
g - Searing Ray           Conj           32%        3d4       4%          2
Your spell library was empty.

Dungeon Overview and Level Annotations

Branches:
Dungeon (3/15)

Altars:


Innate Abilities, Weirdness & Mutations

You are immune to sickness and miasma.
You are immune to poison.
Your flesh is very heat resistant. (rF++)
You are vulnerable to cold. (rC-)
You float through the air rather than walking.
You learn spells naturally, not from books.
Your magical power is your life essence.
You have superior vitality. (+4 HP)
You are partially covered in iridescent scales. (AC +2)
You do not regenerate when monsters are visible.


Message History

You kill the hobgoblin!
Casting: Foxfire (safe; 3% risk of failure)
Press: ? - help, Q - select action, (/) - cycle Dir - look around, f - activate You conjure some foxfire!
The adder bites you. The adder barely misses you. The adder bites you.
Unknown command.
Your foxfire dissipates!
You see here a hobgoblin corpse.
It was a potion of attraction.
You feel attractive to monsters. The adder bites you.
* * * LOW HITPOINT WARNING * * *
It was a potion of mutation.
You feel extremely strange.
Your regeneration stops near monsters.
Iridescent scales grow over part of your body.
The adder closely misses you. x2
You aren't carrying any items that you can evoke.
As you read the scroll labelled ETA TO KAS, it crumbles to dust.
You feel aware of your surroundings.
You sensed 1 altar.
It was a scroll of magic mapping.
The adder closely misses you.
As you read the scroll labelled QUIMO GOTSOASU, it crumbles to dust.
It is a scroll of enchant armour.
Your +0 robe glows green for a moment.
The adder closely misses you.
As you read the scroll labelled CIANTI FE DIA, it crumbles to dust.
It is a scroll of identify.
b - a scroll of amnesia The adder bites you.
* * * LOW HITPOINT WARNING * * *
The adder misses you.
Casting: Foxfire (safe; 3% risk of failure)
Confirm with . or Enter, or press ? or * to list all spells.
The spell is extremely dangerous to cast (32% risk of failure)!
Continue anyway?
Aiming: Sticky Flame (extremely dangerous; 32% risk of failure)
Press: ? - help, Shift-Dir - straight line, f - adder
Aim: an adder (100% to hit)
You miscast Sticky Flame.
You are very lightly contaminated with residual magic.
Heat runs through your body. You resist.
You die...

,,,*,8***,8***,8***,8**,,,*,,,,,,
**+********************,,,,,,,,,,
,,,,,,,,,,,,,,,,,,,,,**,,,*,,,,,,
≈≈≈≈≈≈≈≈≈≈≈≈≈≈≈≈≈≈≈≈≈≈*,,,*,,,,,,
≈≈≈≈≈≈≈≈≈≈≈≈≈≈≈≈≈≈≈≈≈≈*,,**,,,,,,
,,,,,,,,,,,,,,,,,,,,,**,**,,,,,,,
**####*******####*,****,,,,,,,>,,
##..## ##.S###,***,,,,,,,,,*
##.##.#### ##.##@.#*,**,,,,,,,,,*
..####...###.######**,*,,,,,,,,,*
#####.###.#.#.#**,,,*,*,,,,,,,***
.$##.## ##.###..,***,**,,,,,,**
###.#########*###******,,***,*
..#.#....#...,*,*,,,,*,,,,,,,*
..........#..#,,,*,,*,,,,*****
..#.#..........,,,,,,,,<,*
...............,,,,,,,,,,*


You could see an adder.

Vanquished Creatures
  A hound skeleton (D:2)
  5 adders
  An adder skeleton (D:2)
  A worm (D:2)
  A dart slug (D:2)
  6 ball pythons
  5 endoplasms
  7 giant cockroaches
  4 goblins
  6 hobgoblins
  2 quokkas (D:1)
  3 bats (D:1)
  2 frilled lizards
  2 kobolds (D:1)
  3 rats (D:1)
49 creatures vanquished.

Vanquished Creatures (collateral kills)
  2 foxfires (D:1)
2 creatures vanquished.

Vanquished Creatures (others)
  242 foxfires
242 creatures vanquished.

Grand Total: 293 creatures vanquished

Notes
Turn   | Place    | Note
-------+----------+-------------------------------------------
     0 | D:1      | robertstho the Djinni Fire Elementalist began the quest for
                  | the Orb.
     0 | D:1      | Reached XP level 1. HP: 15/15 MP: 0/0
   370 | D:1      | Reached XP level 2. HP: 18/21 MP: 0/0
  1021 | D:1      | Reached XP level 3. HP: 17/25 MP: 0/0
  1021 | D:1      | Learned a level 1 spell: Beastly Appendage
  1023 | D:1      | Reached skill level 3 in Spellcasting
  1510 | D:1      | Found a faded altar of an unknown god.
  1621 | D:2      | Reached XP level 4. HP: 16/31 MP: 0/0
  2516 | D:2      | Reached XP level 5. HP: 35/36 MP: 0/0
  2516 | D:2      | Learned a level 2 spell: Searing Ray
  3209 | D:3      | Gained mutation: You do not regenerate when monsters are
                  | visible. [potion of mutation]
  3209 | D:3      | Gained mutation: You are partially covered in iridescent
                  | scales. (AC +2) [potion of mutation]
  3213 | D:3      | Killed by miscasting Sticky Flame

Illustrated notes

Levels and vault maps discovered:
D:1:      sevenhm_arrival_forest_fort_large_4, layout_basic,
          shapermc_ecumenical_altar_hornbeckon
D:2:      layout_loops_ring
D:3:      wad_river_or_something, layout_rooms, lemuel_doored_altar,
          cheibrodos_gnoll_hut

Skill      XL: |  1  2  3  4 |
---------------+-------------+-----
Spellcasting   | 3 |  3.9
Stealth        | 2 |  2.1
Fighting       | |  0.9
Dodging        | |  2.6

Action                   |  1- 3 |  4- 6 || total
-------------------------+-------+-------++-------
 Cast: Foxfire           |    73 |    71 ||   144
  Use: Scroll            |       |     3 ||     3
       Potion            |       |     2 ||     2
Armor: Robe              |     1 |     4 ||     5
Dodge: Dodged            |     8 |    15 ||    23

Table legend: (Time is in decaauts)
 A = Elapsed time spent in this place.
 B = Non-inter-level travel time spent in this place.
 C = Inter-level travel time spent in this place.
 D = Time resting spent in this place.
 E = Time spent auto-exploring this place.
 F = Levels seen in this place.
 G = Mean time per level.
                   A        B        C        D        E       F      G
               +--------+--------+--------+--------+--------+-----+--------+
         Total |   3212 |   3174 |     38 |      0 |   2827 |   3 | 1070.7 |
       Dungeon |   3212 |   3174 |     38 |      0 |   2827 |   3 | 1070.7 |
               +--------+--------+--------+--------+--------+-----+--------+

Top non-repeatable levels by time:
     D:1: 1540 daAuts
     D:2: 1425 daAuts
     D:3: 245 daAuts
